 Dungeon Crawl Stone Soup version 0.23.3 (webtiles) character file.

Game seed: 15973854871390628577

29053 Fukker the Fighter (level 13, -4/110 HPs)
             Began as a Demonspawn Chaos Knight on Apr 4, 2020.
             Was a High Priest of Okawaru.
             Slain by a two-headed ogre
             ... wielding a +0 giant spiked club
              (8 damage)
             ... on level 2 of the Orcish Mines on Apr 5, 2020.
             The game lasted 00:50:43 (17158 turns).

Fukker the Fighter (Demonspawn Chaos Knight)       Turns: 17158, Time: 00:50:44

Health: -4/110     AC: 12    Str: 19    XL:     13   Next: 13%
Magic:  4/18       EV: 17    Int: 13    God:    Okawaru [*****.]
Gold:   1993       SH:  0    Dex: 16    Spells: 12/12 levels left

rFire    + + +     SeeInvis +   p - +9 staff of Olgreb {rPois}
rCold    + . .     Gourm    .   (no shield)
rNeg     . . .     Faith    .   j - +0 ring mail {rF+}
rPois    ∞         Spirit   .   (no helmet)
rElec    .         Reflect  .   Y - scarf {rC+ rF+}
rCorr    .         Harm     .   J - +2 pair of gloves {archery}
MR       .....     Clarity  +   (boots unavailable)
Stlth    +.........             (no amulet)
HPRegen  0.28/turn              E - ring of see invisible
MPRegen  0.16/turn              q - +2 ring of dexterity

@: no status effects
A: fangs 1, talons 3, rugged brown scales 3, blurry vision 1, clarity, fire
resistance 2, spiny 1, strong 1
a: Heroism, Finesse, Renounce Religion


You were on level 2 of the Orcish Mines.
You worshipped Okawaru.
Okawaru was extremely pleased with you.
You were not hungry.

You visited 3 branches of the dungeon, and saw 15 of its levels.
You also visited: Bailey.

You collected 1993 gold pieces.

Inventory:

Hand Weapons
 b - a +0 great sword of freezing
 p - the +9 staff of Olgreb (weapon) {rPois}
   (You found it on level 10 of the Dungeon)

   It protects you from poison.
 r - the +6 rapier of Fortitude {flame, *Corrode +Blink Str+4 SInv}
   (You found it on level 4 of the Dungeon)

   It has been specially enchanted to burn those struck by it, causing extra
   injury to most foes and up to half again as much damage against particularly
   susceptible opponents.
   It affects your strength (+4).
   It lets you see invisible.
   It lets you blink.
   It may corrode you when you take damage.
 x - a +0 blowgun
Missiles
 d - 4 steel javelins
 f - a javelin of returning (quivered)
 g - 8 silver tomahawks
 i - 7 poisoned javelins
 y - 18 curare-tipped needles
 H - 6 javelins
 Q - 7 javelins of penetration
 S - 2 throwing nets
Armour
 j - a +0 ring mail of fire resistance (worn)
 J - a +2 pair of gloves of archery (worn)
 Y - a scarf of resistance (worn)
Jewellery
 m - an uncursed ring of protection from cold
 q - a +2 ring of dexterity (right hand)
 E - a ring of see invisible (left hand)
 L - an uncursed ring of resist corrosion
 U - an uncursed ring of poison resistance
Wands
 t - a wand of scattershot (10)
 w - a wand of digging (9)
 C - a wand of disintegration (19)
 D - a wand of polymorph (8)
 I - a wand of iceblast (40)
 N - a wand of acid (13)
Scrolls
 e - a scroll of summoning
 n - a scroll of brand weapon
 o - 5 scrolls of enchant weapon
 s - 3 scrolls of fear
 v - 5 scrolls of remove curse
 B - a scroll of acquirement {unknown}
 F - a scroll of enchant armour
 G - a scroll of teleportation
 M - 3 scrolls of amnesia {unknown}
 O - a scroll of immolation
 P - a scroll of fog
 V - 3 scrolls of blinking
Potions
 h - 3 potions of mutation {unknown}
 k - 8 potions of curing
 l - 2 potions of lignification {unknown}
 u - a potion of experience {unknown}
 z - 2 potions of agility
 A - a potion of flight
 K - 3 potions of might
 T - a potion of brilliance
 W - a potion of resistance {unknown}
 Z - 4 potions of haste {unknown}
Comestibles
 c - 14 rations
 R - 5 chunks of flesh


   Skills:
 - Level 10.2 Fighting
 - Level 7.0(7.8) Short Blades
 - Level 5.1(6.9) Long Blades
   Level 6.3 Axes
 * Level 5.8 Staves
 - Level 6.6 Throwing
 - Level 6.0 Armour
 - Level 9.1 Dodging
 + Level 7.7 Invocations
 * Level 4.3 Evocations


You had 12 spell levels left.
You didn't know any spells.
Your spell library contained the following spells:

 Spells                   Type           Power        Failure   Level  Hunger
 Recall                   Summ/Tloc      N/A          83%         3    ####...
 Animate Dead             Necr           N/A          99%         4    #####..
 Borgnjor's Vile Clutch   Necr/Erth      #.........   100%        5    ######.
 Death Channel            Necr           #.........   100%        6    #######
 Simulacrum               Ice/Necr       #.........   100%        6    #######


Dungeon Overview and Level Annotations

Branches:
Dungeon (12/15)            Temple (1/1) D:5            Lair (0/6) D:10
    Orc (2/2) D:12
    Elf: Orc:2

Altars:
Ashenzari
Cheibriados
Dithmenos
Elyvilon
Fedhas
Gozag
Hepliaklqana
Kikubaaqudgha
Makhleb
Nemelex Xobeh
Okawaru
Qazlal
Ru
Sif Muna
Trog
Uskayaw
Vehumet
Wu Jian
Xom
Yredelemnul
Zin
The Shining One
Beogh

Shops:
D:9 [


Innate Abilities, Weirdness & Mutations

You have claws for feet.
You are completely covered in rugged brown scales. (AC +3, +7% HP)
Your flesh is very heat resistant. (rF++)
You are partially covered in sharp spines.
You have very sharp teeth.
Scrolls take you a little longer to read.
You possess an exceptional clarity of mind.
Your muscles are strong. (Str +2)


Message History

Okay, then.
The ogre mage casts a spell.
The ogre mage blinks!
The two-headed ogre barely misses you. x2
Evoke which item? (* to show all) (? for menu, Esc to quit)
Aiming: Dig
Press: ? - help, Shift-Dir - straight line A rock wall.
The rock shatters into small pieces.
The two-headed ogre is struck by your spines.
The two-headed ogre hits you with a +0 giant spiked club!
The two-headed ogre hits you with a +0 giant club!
* * * LOW HITPOINT WARNING * * *
The troll is struck by your spines. The troll bites you!
* * * LOW HITPOINT WARNING * * *
The troll closely misses you. The troll claws you!
* * * LOW HITPOINT WARNING * * *
The ogre mage gestures at something while chanting.
The two-headed ogre hits you with a +0 giant spiked club!
You die...

.....#...##
....###...#
.....###..## ##
......##...# #.#
.#....###..## #.#
.......##...# #.#
....#.####.## #.#
.....####### ##.#
....###.## ##@#
.#...#...######O##
#....#...##.##TT##
............O....#
............##.T##
.............##.##
.........O...#T..#
..........T.TT#.##
.......O...T.O###


You could see a two-headed ogre, 2 ogre magi, a deep troll and 3 trolls.

Vanquished Creatures
  An orc warlord (Bailey)
  A yaktaur captain (D:10)
  The ghost of MalarOregon the Fighter, a journeyman MfFi of Gozag (D:11)
  A hydra (D:10)
  Harold (D:8)
  3 two-headed ogres
  A catoblepas (shapeshifter) (Bailey)
  Sonja (Orc:2)
  The ghost of infcreate the Destroyer, a novice DECj of Vehumet (D:9)
  6 skeletal warriors
  A phantasmal warrior (D:10)
  Pikel (D:7)
  An orc knight (Bailey)
  A deep elf mage (D:10)
  2 manticores
  A spectral centaur (D:9)
  3 centaur zombies
  Maurice (D:8)
  6 trolls
  5 hippogriffs
  4 water elementals (D:12)
  A wraith (D:10)
  9 yaks
  Sigmund (D:4)
  A basilisk (D:10)
  4 hogs (D:9)
  A human (D:9)
  3 steam dragons (D:6)
  A warg (Orc:2)
  An acid dragon (D:11)
  A soldier ant (D:11)
  A water moccasin (D:12)
  20 orc warriors
  4 ice beasts
  3 sky beasts
  2 eyes of draining
  A phantom (D:4)
  A black bear (D:8)
  6 centaurs
  17 ogres
  3 crocodiles
  A big kobold (D:8)
  4 bullfrogs
  A gnoll sergeant (D:10)
  3 scorpions
  3 killer bees (D:7)
  7 howler monkeys
  3 spectral bullfrogs (D:9)
  8 crimson imps
  2 quasits
  2 jellies
  17 orc priests
  5 hounds
  2 bullfrog skeletons
  15 orc wizards
  2 centaur skeletons
  5 iguanas
  9 worker ants
  A killer bee zombie (D:5)
  A hound zombie (D:6)
  2 hound skeletons
  13 gnolls
  14 adders
  5 shadow imps
  An ooze (D:3)
  An adder zombie (D:8)
  2 adder skeletons
  2 worms
  2 dart slugs
  4 leopard geckos
  85 orcs
  2 giant cockroaches
  22 goblins
  14 hobgoblins
  12 jackals
  2 quokkas
  3 ball pythons
  5 bats
  6 frilled lizards
  A jackal skeleton (D:4)
  15 kobolds
  2 leopard gecko skeletons
  7 rats
437 creatures vanquished.

Vanquished Creatures (others)
  An adder skeleton (D:4)
1 creature vanquished.

Grand Total: 438 creatures vanquished

Notes
Turn   | Place    | Note
-------+----------+-------------------------------------------
     0 | D:1      | Fukker the Demonspawn Chaos Knight began the quest for the
                  | Orb.
     0 | D:1      | Reached XP level 1. HP: 18/18 MP: 1/1
   256 | D:1      | Gained mutation: You are partially covered in rugged brown
                  | scales. (AC +1, +3% HP) [demonic ancestry]
   256 | D:1      | Reached XP level 2. HP: 16/24 MP: 2/2
   331 | D:1      | XOM: harmless Erth miscast
   339 | D:1      | XOM: harmless Air miscast
   672 | D:1      | XOM: summons 1 hostile demon
   676 | D:1      | XOM: smoke on damage
   693 | D:2      | Found an ancient bone altar of Kikubaaqudgha.
   747 | D:2      | XOM: give mutation
   747 | D:2      | Gained mutation: You have very sharp teeth. [Xom's
                  | mischief]
   917 | D:2      | Gained mutation: You are partially covered in sharp spines.
                  | [demonic ancestry]
   917 | D:2      | Reached XP level 3. HP: 27/29 MP: 3/3
   954 | D:2      | Found a shadowy altar of Dithmenos.
  1291 | D:2      | XOM: noise
  1565 | D:3      | Found a deep blue altar of Sif Muna.
  1618 | D:3      | XOM: harmless Fire miscast
  1666 | D:3      | XOM: god gift: paperback book {god gift}
  1691 | D:3      | Gained mutation: You have sharp toenails. [demonic
                  | ancestry]
  1691 | D:3      | Reached XP level 4. HP: 33/36 MP: 4/4
  2042 | D:3      | XOM: scenery: create altars
  2053 | D:3      | Reached skill level 5 in Axes
  2053 | D:3      | Reached XP level 5. HP: 12/42 MP: 5/5
  2053 | D:3      | HP: 1/42 [orc priest/nerve-wracking pain (11)]
  2063 | D:3      | XOM: 7-stop teleportation journey
  2496 | D:3      | XOM: god gift: 20 stones
  2765 | D:4      | XOM: destruction
  2961 | D:4      | Reached XP level 6. HP: 48/48 MP: 6/6
  3100 | D:4      | XOM: medium Conj miscast
  3137 | D:4      | XOM: 1-stop teleportation journey
  3152 | D:4      | Got an encrusted rapier
  3153 | D:4      | Identified the +6 rapier of Fortitude {flame, *Corrode
                  | +Blink Str+4 SInv} (You found it on level 4 of the Dungeon)
  3159 | D:4      | XOM: summons 2 hostile demons
  3285 | D:4      | XOM: medium Summ miscast
  3286 | D:4      | Noticed a spatial vortex
  3286 | D:4      | Noticed a spatial vortex
  3286 | D:4      | Noticed a spatial vortex
  3356 | D:4      | XOM: stat loss: -1 Str (18/19)
  3387 | D:4      | XOM: give mutation
  3387 | D:4      | Gained mutation: You are weak. (Str -2) [Xom's mischief]
  3705 | D:4      | Noticed Sigmund
  3716 | D:4      | Killed Sigmund
  3716 | D:4      | Reached skill level 1 in Throwing
  3769 | D:5      | Entered Level 5 of the Dungeon
  3781 | D:5      | Gained mutation: You are mostly covered in rugged brown
                  | scales. (AC +2, +5% HP) [demonic ancestry]
  3781 | D:5      | Reached XP level 7. HP: 21/54 MP: 7/7
  3984 | D:5      | XOM: 2-stop teleportation journey
  4067 | D:5      | Found an opulent altar of Gozag.
  4088 | D:5      | Found a staircase to the Ecumenical Temple.
  4104 | Temple   | Entered the Ecumenical Temple
  4161 | Temple   | Fell from the grace of Xom
  4161 | Temple   | Became a worshipper of Warmaster Okawaru
  4439 | D:5      | Reached skill level 5 in Short Blades
  4446 | D:5      | Found a hide-covered altar of Uskayaw.
  4845 | D:6      | Noticed a hippogriff
  4873 | D:6      | Gained mutation: You have razor-sharp toenails. [demonic
                  | ancestry]
  4873 | D:6      | Reached XP level 8. HP: 48/60 MP: 8/8
  4943 | D:6      | Killed a hippogriff
  5006 | D:6      | XOM: summons 2 hostile shadow creatures
  5177 | D:6      | XOM: summons 8 hostile demons
  5178 | D:6      | Noticed a hellwing
  5283 | D:6      | XOM: torment (24/60 hp)
  5590 | D:6      | Reached skill level 1 in Dodging
  5639 | D:6      | Reached * piety under Okawaru
  5948 | D:6      | Found a shattered altar of Ashenzari.
  6208 | D:6      | XOM: medium Pois miscast
  6411 | D:6      | Reached skill level 4 in Fighting
  6426 | D:6      | Gained mutation: You have claws for feet. [demonic
                  | ancestry]
  6426 | D:6      | Reached XP level 9. HP: 34/68 MP: 9/9
  6714 | D:6      | Found a white marble altar of Elyvilon.
  6878 | D:7      | Reached ** piety under Okawaru
  6878 | D:7      | Reached skill level 1 in Invocations
  6959 | D:7      | XOM: 1-stop teleportation journey
  7092 | D:7      | XOM: summons 5 hostile demons
  7211 | D:7      | XOM: summons 8 hostile demons
  7419 | D:7      | Noticed Pikel
  7428 | D:7      | Killed Pikel
  7428 | D:7      | Reached skill level 5 in Fighting
  7539 | D:7      | XOM: give mutations
  7539 | D:7      | Lost mutation: You are weak. (Str -2) [Xom's mischief]
  7539 | D:7      | Gained mutation: Scrolls take you a little longer to read.
                  | [Xom's mischief]
  7608 | D:7      | Reached skill level 5 in Invocations
  7718 | D:7      | XOM: mild Erth miscast
  7946 | D:8      | Noticed Maurice
  7959 | D:8      | Killed Maurice
  7959 | D:8      | Reached *** piety under Okawaru
  7967 | D:8      | XOM: mild Chrm miscast
  8007 | D:8      | Received a gift from Okawaru
  8021 | D:8      | Noticed Harold
  8041 | D:8      | Killed Harold
  8041 | D:8      | Reached **** piety under Okawaru
  8041 | D:8      | Reached skill level 6 in Fighting
  8041 | D:8      | Reached skill level 5 in Armour
  8041 | D:8      | Reached skill level 5 in Dodging
  8041 | D:8      | Reached XP level 10. HP: 36/79 MP: 14/14
  8218 | D:8      | XOM: mild Summ miscast
  8277 | D:8      | XOM: mild Ice miscast
  8361 | D:8      | XOM: noise
  8623 | D:8      | Found a snail-covered altar of Cheibriados.
  8625 | D:8      | Found a bloodstained altar of Trog.
  8625 | D:8      | Found a glowing golden altar of the Shining One.
  8627 | D:8      | Found a basalt altar of Yredelemnul.
  8627 | D:8      | Found an ornate altar of the Wu Jian Council.
  8627 | D:8      | Found a shimmering altar of Xom.
  8637 | D:8      | XOM: noise
  8687 | D:8      | Got an encrusted leather armour
  8698 | D:8      | Identified the +3 leather armour of Pragmatism {rCorr MP-9
                  | Dex+6 SInv} (You found it on level 8 of the Dungeon)
  8888 | D:9      | Found a runed translucent gate.
  8888 | D:9      | Found a runed translucent gate.
  8888 | D:9      | Found a runed translucent gate.
  8959 | D:9      | Found Ilucewk's Armour Shoppe.
  9013 | D:9      | XOM: medium Hex miscast
  9060 | D:9      | Reached skill level 1 in Long Blades
  9070 | D:9      | Reached skill level 7 in Fighting
  9118 | D:9      | Received a gift from Okawaru
  9196 | D:9      | Noticed a two-headed ogre
  9197 | D:9      | Found a flagged portal.
  9205 | D:9      | Killed a two-headed ogre
  9218 | Bailey   | Entered a bailey
  9418 | Bailey   | XOM: god gift: chain mail {god gift}
  9628 | Bailey   | XOM: noise
  9762 | Bailey   | XOM: mild Chrm miscast
  9790 | Bailey   | Reached ***** piety under Okawaru
  9805 | Bailey   | Gained mutation: Your flesh is heat resistant. (rF+)
                  | [demonic ancestry]
  9805 | Bailey   | Reached XP level 11. HP: 62/89 MP: 6/15
  9933 | Bailey   | Noticed an orc knight
  9946 | Bailey   | Killed an orc knight
  9948 | Bailey   | Noticed a glowing shapeshifter
  9948 | Bailey   | an orc warrior changed into a glowing shapeshifter
  9948 | Bailey   | XOM: polymorph orc warrior -> glowing shapeshifter
  9950 | Bailey   | Noticed a ghost moth
  9950 | Bailey   | a glowing shapeshifter changed into a ghost moth
  9953 | Bailey   | Noticed a fire dragon
  9953 | Bailey   | a ghost moth changed into a fire dragon
  9954 | Bailey   | Noticed an orc warlord
  9957 | Bailey   | Noticed an ettin
  9957 | Bailey   | a fire dragon changed into an ettin
  9960 | Bailey   | Noticed a great orb of eyes
  9960 | Bailey   | an ettin changed into a great orb of eyes
  9962 | Bailey   | Paralysed by a great orb of eyes for 2 turns
  9963 | Bailey   | Noticed an alligator
  9963 | Bailey   | a great orb of eyes changed into an alligator
  9966 | Bailey   | Noticed a spark wasp
  9966 | Bailey   | an alligator changed into a spark wasp
 10003 | Bailey   | Killed an orc warlord
 10003 | Bailey   | Reached skill level 8 in Fighting
 10013 | Bailey   | Noticed a stone giant
 10020 | Bailey   | Noticed a frost giant
 10020 | Bailey   | a stone giant changed into a frost giant
 10023 | Bailey   | Noticed a catoblepas
 10023 | Bailey   | a frost giant changed into a catoblepas
 10031 | Bailey   | Killed a catoblepas
 10031 | Bailey   | Received a gift from Okawaru
 10160 | Bailey   | XOM: severe Chrm miscast
 10431 | D:9      | Noticed infcreate's ghost (novice DECj)
 10466 | D:9      | Killed infcreate's ghost
 11011 | D:10     | Entered Level 10 of the Dungeon
 11026 | D:10     | Found a staircase to the Lair.
 11049 | D:10     | Reached skill level 5 in Throwing
 11436 | D:10     | Received a gift from Okawaru
 11675 | D:10     | XOM: mild Air miscast
 11786 | D:10     | Found a runed translucent door.
 11787 | D:10     | Noticed a skeletal warrior
 11952 | D:10     | Killed a skeletal warrior
 11952 | D:10     | Received a gift from Okawaru
 11968 | D:10     | Noticed a deep elf mage
 12070 | D:10     | Killed a deep elf mage
 12070 | D:10     | Reached skill level 9 in Fighting
 12074 | D:10     | Noticed a six-headed hydra
 12079 | D:10     | Killed a six-headed hydra
 12079 | D:10     | Gained mutation: You are completely covered in rugged brown
                  | scales. (AC +3, +7% HP) [demonic ancestry]
 12079 | D:10     | Reached XP level 12. HP: 70/101 MP: 4/17
 12090 | D:10     | Noticed a yaktaur captain
 12097 | D:10     | Reached ****** piety under Okawaru
 12103 | D:10     | Killed a yaktaur captain
 12371 | D:10     | Found the +9 staff of Olgreb {rPois}
 12591 | D:11     | Received a gift from Okawaru
 12623 | D:11     | Got a polished scimitar
 12624 | D:11     | Identified the cursed +0 scimitar of Puckoshe {venom, rN+}
                  | (You found it on level 11 of the Dungeon)
 12701 | D:11     | XOM: give mutations
 12701 | D:11     | Gained mutation: Your muscles are strong. (Str +2) [Xom's
                  | grace]
 12701 | D:11     | Gained mutation: Your flesh is very heat resistant. (rF++)
                  | [Xom's grace]
 12701 | D:11     | Gained mutation: You possess an exceptional clarity of
                  | mind. [Xom's grace]
 12701 | D:11     | Was forgiven by Xom
 12760 | D:11     | Found a sacrificial altar of Ru.
 12806 | D:11     | Reached skill level 1 in Evocations
 13001 | D:11     | Found a bloodstained altar of Trog.
 13174 | D:11     | Found a runed translucent door.
 13175 | D:11     | Noticed MalarOregon's ghost (journeyman MfFi)
 13214 | D:11     | Killed MalarOregon's ghost
 13214 | D:11     | Reached skill level 1 in Staves
 14319 | D:12     | Found a staircase to the Orcish Mines.
 14344 | D:12     | Found a shattered altar of Ashenzari.
 14410 | D:12     | Received a gift from Okawaru
 14830 | D:12     | Reached skill level 10 in Fighting
 14838 | D:12     | Reached skill level 5 in Long Blades
 16071 | Orc:1    | Entered Level 1 of the Orcish Mines
 16280 | Orc:1    | Found a roughly hewn altar of Beogh.
 16512 | Orc:2    | Entered Level 2 of the Orcish Mines
 16724 | Orc:2    | Noticed Sonja
 16736 | Orc:2    | Killed Sonja
 16736 | Orc:2    | Reached XP level 13. HP: 110/110 MP: 1/18
 17014 | Orc:2    | Reached skill level 5 in Staves
 17156 | Orc:2    | HP: 4/110 [troll (8)]
 17158 | Orc:2    | Slain by a two-headed ogre

Skill      XL: |  1  2  3  4  5  6  7  8  9 10 11 12 13 |
---------------+----------------------------------------+-----
Axes           | 3 4 5 6 |  6.3
Short Blades   | 3 5 7 |  7.0
Throwing       | 1 2 3 6 |  6.6
Dodging        | 2 5 6 8 9 |  9.1
Armour         | 3 5 6 |  6.0
Fighting       | 4 6 7 9 10 | 10.2
Invocations    | 6 7 |  7.7
Long Blades    | 2 3 5 |  5.1
Evocations     | 3 4 |  4.3
Staves         | 4 5 |  5.8

Action                   |  1- 3 |  4- 6 |  7- 9 | 10-12 | 13-15 || total
-------------------------+-------+-------+-------+-------+-------++-------
Melee: Hand axe          |   101 |    79 |       |       |       ||   180
       Bite              |     3 |    16 |    26 |    82 |       ||   127
       Kick              |       |    10 |    19 |   279 |     2 ||   310
       Rapier            |       |    27 |   237 |   468 |       ||   732
       Punch             |       |       |       |     8 |       ||     8
       Staff             |       |       |       |   117 |     6 ||   123
 Fire: Blowgun           |       |       |     7 |    19 |       ||    26
Throw: Stone             |     4 |     3 |    18 |     4 |       ||    29
       Javelin           |       |       |     1 |    38 |     3 ||    42
       Throwing net      |       |       |       |     1 |       ||     1
Invok: Heroism           |       |       |     1 |    12 |       ||    13
       Finesse           |       |       |       |     1 |       ||     1
Evoke: Staff of Olgreb   |       |       |       |    24 |     5 ||    29
       Wand              |       |       |       |       |     1 ||     1
  Use: Potion            |       |     6 |       |     5 |     1 ||    12
       Scroll            |       |     6 |     1 |    16 |       ||    23
 Stab: Paralysed         |       |     4 |       |       |       ||     4
       Sleeping          |       |       |       |     2 |       ||     2
       Held in net/web   |       |       |       |     1 |       ||     1
       Distracted        |       |       |       |     1 |       ||     1
  Eat: Chunk             |     1 |     6 |     5 |    18 |     2 ||    32
       Ration            |       |     1 |     2 |     3 |       ||     6
Armor: Leather armour    |    35 |    35 |    80 |    72 |       ||   222
       Ring mail         |       |       |       |     6 |     4 ||    10
Dodge: Dodged            |    57 |    55 |   148 |   397 |    15 ||   672
